 Dungeon Crawl Stone Soup version 0.17.2-1-ge4368a0 (webtiles) character file.

380 Goblin1989 the Cudgeler (level 6, -8/47 HPs)
             Began as a Demonspawn Fighter on Sept 27, 2016.
             Killed by nerve-wracking pain
             ... invoked by an orc priest
              (10 damage)
             ... on level 4 of the Dungeon.
             The game lasted 00:12:03 (3394 turns).

Goblin1989 the Cudgeler (Demonspawn Fighter)        Turns: 3394, Time: 00:12:03

Health: -8/47      AC: 13    Str: 23    XL:     6   Next: 46%
Magic:  6/6        EV:  5    Int: 10    God:
Gold:   200        SH: 10    Dex: 19    Spells: 0 memorised, 5 levels left

rFire  . . .     SeeInvis .     a - +0 flail
rCold  . . .     Clarity  .     r - +0 chain mail
rNeg   . . .     SustAt   .     c - +0 shield
rPois  .         Gourm    .     (no helmet)
rElec  .         Spirit   .     t - +0 cloak
rCorr  .         Warding  .     C - +0 pair of gloves of Lies {Dex+7}
rMut   .         Stasis   .     m - +0 pair of boots
MR     .....                    (no amulet)
Stlth  ..........               (no ring)
                                (no ring)

@: mighty, not resistant to hostile enchantments, extremely unstealthy
A: molten scales 1, demonic guardian 1
a: no special abilities


You were on level 4 of the Dungeon.
You were not hungry.

You visited 1 branch of the dungeon, and saw 4 of its levels.

You collected 200 gold pieces.

Inventory:

Hand Weapons
 a - a +0 flail (weapon)
Armour
 c - a +0 shield (worn)
 m - a +0 pair of boots (worn)
 r - a +0 chain mail (worn)
 t - a +0 cloak (worn)
 C - the +0 pair of gloves of Lies (worn) {Dex+7}
   (You found it on level 4 of the Dungeon)

   It affects your dexterity (+7).
Jewellery
 h - an uncursed amulet of clarity {unknown}
 n - an uncursed ring of see invisible {unknown}
Wands
 s - a wand of teleportation (4) {@v4}
 v - a wand of random effects (25)
 B - a wand of fire (9)
Scrolls
 f - a scroll of teleportation {unknown}
 k - 2 scrolls of fear {unknown}
 l - 2 scrolls of recharging {unknown}
 o - 5 scrolls of remove curse {unknown}
 p - 3 scrolls of enchant weapon {unknown}
 q - 3 scrolls of identify {unknown}
 u - a scroll of magic mapping {unknown}
 w - a scroll of noise {unknown}
 x - 2 scrolls of immolation {unknown}
 y - a scroll of enchant armour {unknown}
 E - a scroll of amnesia {unknown}
Potions
 g - a potion of haste {unknown}
 j - a potion of beneficial mutation {unknown}
 z - a potion of resistance {unknown}
 A - a potion of magic {unknown}
 D - a potion of degeneration {unknown}
Comestibles
 b - a meat ration
 e - 5 bread rations
 i - 2 fruits


   Skills:
 - Level 3.1 Fighting
 + Level 6.1 Maces & Flails
 - Level 2.8 Armour
 - Level 3.0 Shields


You had 5 spell levels left.
You didn't know any spells.

Dungeon Overview and Level Annotations

Branches:
Dungeon (4/15)
 Temple: D:4-7

Altars:
Xom
The Shining One


Innate Abilities, Weirdness & Mutations

You are partially covered in molten scales (AC +1).
A weak demonic guardian rushes to your aid.


Message History

The orc priest hits you but does no damage.
You closely miss the orc priest.
The orc priest is heavily wounded.
The orc priest hits you but does no damage.
Your shield and chain mail prevent you from hitting the orc priest.
The orc priest is heavily wounded.
You block the orc priest's attack.
Your shield and chain mail prevent you from hitting the orc priest.
The orc priest is heavily wounded.
You block the orc priest's attack.
The orc priest mumbles some strange prayers to Beogh against you.
Something smites you!
* * * LOW HITPOINT WARNING * * *
The orc priest miscasts a cantrip.
You sock the orc priest!
The orc priest is almost dead.
Your white imp disappears in a puff of smoke!
The orc priest invokes the aid of Beogh against you.
Pain shoots through your body!
You die... ਜਜਜਜਜਜਜ

ਜ.....ਜ .....ਜ ..<ਜ
ਜਜਜਜਜਜਜਜਜ.ਜਜਜਜਜਜਜ..
ਜਜਜਜਜਜ.......>.5@oor....
..........ਜਜਜ..ਜਜਜਜਜਜਜ.(
..........ਜ ਜ..ਜ
..........ਜ ਜ..ਜ ..
..........ਜ ਜ... ...
..........ਜਜਜਜ... ...
ਜਜਜ............ਜਜਜਜਜ ਜ.ਜ
ਜ......ਜਜਜ....(..ਜ ਜ.ਜ
....ਜ ਜ))..............ਜ
ਜ.ਜ ਜ....ਜ


You could see 2 orc priests, a quokka and a friendly white imp.

Vanquished Creatures
  A giant frog skeleton (D:4)
  An orc priest (D:3)
  Crazy Yiuf (D:2)
  2 orc wizards (D:3)
  A worker ant (D:4)
  6 adders
  4 oozes
  2 worms
  3 giant geckos
  17 orcs
  A ball python (D:3)
  4 bats
  5 giant cockroaches
  8 goblins
  6 hobgoblins
  8 jackals (D:1)
  5 kobolds
  2 quokkas (D:3)
  A giant gecko skeleton (D:4)
  4 giant newts (D:3)
  6 rats
  2 fungi (D:2)
90 creatures vanquished.

Vanquished Creatures (collateral kills)
  The ghost of Goblin1989 the Vexing, an amateur SpEn (D:4)
  A butterfly (D:3)
2 creatures vanquished.

Grand Total: 92 creatures vanquished

Notes
Turn   | Place    | Note
--------------------------------------------------------------
     0 | D:1      | Goblin1989 the Demonspawn Fighter began the quest for the Orb.
     0 | D:1      | Reached XP level 1. HP: 18/18 MP: 1/1
   183 | D:1      | Gained mutation: A weak demonic guardian rushes to your aid. [demonic ancestry]
   183 | D:1      | Reached XP level 2. HP: 24/24 MP: 2/2
   727 | D:2      | Gained mutation: You are partially covered in molten scales (AC +1). [demonic ancestry]
   727 | D:2      | Reached XP level 3. HP: 29/29 MP: 3/3
  1364 | D:2      | Noticed Crazy Yiuf
  1370 | D:2      | Killed Crazy Yiuf
  1370 | D:2      | Reached XP level 4. HP: 35/35 MP: 4/4
  1446 | D:3      | Found a shimmering altar of Xom.
  1513 | D:3      | Reached skill level 4 in Maces & Flails
  1541 | D:3      | Reached XP level 5. HP: 38/41 MP: 5/5
  1810 | D:3      | Reached skill level 5 in Maces & Flails
  2952 | D:3      | Found a glowing golden altar of the Shining One.
  3105 | D:4      | Noticed Goblin1989's ghost (amateur SpEn)
  3139 | D:4      | Killed Goblin1989's ghost
  3139 | D:4      | Reached XP level 6. HP: 25/47 MP: 6/6
  3230 | D:4      | Got a pair of fine gloves
  3241 | D:4      | Identified the +0 pair of gloves of Lies {Dex+7} (You found it on level 4 of the Dungeon)
  3288 | D:4      | Reached skill level 6 in Maces & Flails
  3393 | D:4      | HP: 1/47 [orc priest/divine providence (10)]
  3394 | D:4      | Killed from afar by an orc priest

Action                   |  1- 3 |  4- 6 || total
-------------------------+-------+-------++-------
Melee: Flail             |   123 |   315 ||   438
  Use: Potion            |       |     1 ||     1
  Eat: Chunk             |       |     9 ||     9

Vault maps used:
D:1:      dpeg_arrival_short_road
D:2:      uniq_crazy_yiuf_cottage
D:3:      xom_butterflies, first_bread, minmay_misc_feat_encased, tso_altar
D:4:      lemuel_temple_firewalk
